 Dungeon Crawl Stone Soup version 0.31-a0-841-g038b102fc3 (webtiles) character file.

Game seed: 11884078365611466114

335 randomguy2701 the Digger (level 6, -4/44 HPs)
             Began as a Gnoll Wanderer on Sept 27, 2023.
             Slain by a mummy (18 damage)
             ... in an ossuary.
             The game lasted 00:06:28 (3497 turns).

randomguy2701 the Digger (Gnoll Wanderer)           Turns: 3497, Time: 00:06:29

Health: -4/44      AC:  4    Str:  8    XL:     6   Next: 53%
Magic:  3/14       EV: 12    Int: 15    God:
Gold:   162        SH:  0    Dex: 13    Spells: 14/15 levels left

rFire   . . .        a - +0 dagger
rCold   . . .        (no shield)
rNeg    . . .        u - +0 leather armour
rPois   .            (no helmet)
rElec   .            (no cloak)
rCorr   .            (no gloves)
SInv    .            q - +0 pair of boots
Will    .....        (no amulet)
Stlth   ++           (no ring)
HPRegen 0.27/turn    (no ring)
MPRegen 0.14/turn

%: no passive effects
@: no status effects
A: fangs 1, strong nose, distributed training
a: no special abilities


You were in an ossuary.
You visited 1 branch of the dungeon, and saw 5 of its levels.
You also visited: Ossuary.

You collected 162 gold pieces.

Inventory:

Hand Weapons
 a - a +0 dagger (weapon)
Missiles
 b - 29 poisoned darts
Armour
 d - a +0 robe
 f - a +2 tower shield
 q - a +0 pair of boots (worn)
 u - a +0 leather armour (worn)
Wands
 o - a wand of flame (4)
Scrolls
 i - 2 scrolls of revelation {unknown}
 j - 2 scrolls of teleportation
 k - a scroll of vulnerability {unknown}
 t - a scroll of blinking {unknown}
Potions
 c - a potion of heal wounds
 g - a potion of lignification
 h - 2 potions of curing
 m - a potion of resistance {unknown}
 n - a potion of mutation {unknown}
 p - 2 potions of brilliance {unknown}
 r - a potion of enlightenment {unknown}
 s - a potion of degeneration {unknown}


   Skills:
 + Level 2.0 Fighting
 + Level 2.0 Short Blades
 + Level 2.0 Long Blades
 + Level 2.0 Axes
 + Level 2.0 Maces & Flails
 + Level 2.0 Polearms
 + Level 2.0 Staves
 + Level 2.0 Ranged Weapons
 + Level 5.0 Throwing
 + Level 2.0 Armour
 + Level 3.3 Dodging
 + Level 2.0 Stealth
 + Level 2.0 Shields
 + Level 2.0 Unarmed Combat
 + Level 5.4 Spellcasting
 + Level 1.6 Conjurations
 + Level 1.6 Hexes
 + Level 1.6 Summonings
 + Level 1.6 Necromancy
 + Level 1.6 Translocations
 + Level 1.6 Transmutations
 + Level 1.6 Fire Magic
 + Level 2.7 Ice Magic
 + Level 1.6 Air Magic
 + Level 7.3 Earth Magic
 + Level 1.6 Poison Magic
 + Level 2.2 Invocations
 + Level 2.0 Evocations
 + Level 1.8 Shapeshifting


You had 14 spell levels left.
You knew the following spells:

 Your Spells              Type           Power      Damage    Failure   Level
a - Sandblast             Erth           52%        2d12      1%          1

Your spell library contained the following spells:

 Spells                   Type           Power      Damage    Failure   Level
 Freeze                   Ice            48%        1d6       8%          1
 Stone Arrow              Conj/Erth      34%        3d9       11%         3
 Hailstorm                Conj/Ice       10%        3d5       26%         3
 Petrify                  Tmut/Erth      17%        N/A       34%         4


Dungeon Overview and Level Annotations

Branches:
Dungeon (5/15)            Ossuary (1/1)
 Temple: D:4-7

Altars:
Cheibriados

Annotations:
D:5 1 transporter


Innate Abilities, Weirdness & Mutations

You have very sharp teeth.
Your uncanny sense of smell can sniff out nearby items.
Your experience applies equally to all skills.


Message History

The human zombie is lightly damaged.
The human zombie closely misses you. The elf zombie hits you.
The human zombie closely misses you.
You barely miss the human zombie.
The human zombie is lightly damaged.
The human zombie hits you.
You hit the human zombie but do no damage.
Your bite misses the human zombie.
The human zombie is lightly damaged.
The human zombie barely misses you. The elf zombie hits you.
The human zombie completely misses you.
You hit the human zombie.
The human zombie is moderately damaged.
The human zombie hits you!
The elf zombie hits you but does no damage.
The human zombie barely misses you.
You feel much better. The human zombie hits you. The elf zombie hits you.
You hit the human zombie but do no damage.
The human zombie is moderately damaged.
The human zombie barely misses you.
You completely miss the human zombie.
The human zombie is moderately damaged.
The elf zombie hits you. The human zombie closely misses you.
The human zombie hits you but does no damage.
You closely miss the human zombie. You bite the human zombie.
The human zombie is moderately damaged.
The human zombie closely misses you. The elf zombie hits you.
You hit the human zombie.
The human zombie is moderately damaged.
The human zombie hits you but does no damage.
The human zombie hits you.
You hit the human zombie but do no damage.
The human zombie is moderately damaged.
The elf zombie hits you.
A mummy opens the door.
The human zombie barely misses you.
You hit the human zombie.
The human zombie is moderately damaged.
The human zombie hits you. The elf zombie hits you. The human zombie hits you.
The mummy hits you!!
You die...

#..##...............
#..#................
#...................
#.....##............
#.....##............
#...................
#...................
####MZ.......
#??@ZZ.......
#??#.ZZ......
#############


You could see a mummy, a rat zombie, a kobold zombie, an elf zombie and 2 human
zombies.

Vanquished Creatures
  An ogre (D:5)
  A scorpion (D:4)
  A human zombie (Ossuary)
  2 mummies (Ossuary)
  6 adders
  4 worms
  2 dart slugs
  2 orcs
  3 ball pythons
  6 bats
  5 endoplasms
  2 giant cockroaches (D:1)
  8 goblins
  8 hobgoblins
  A jackal (D:2)
  3 quokkas
  A frilled lizard (D:3)
  A jackal zombie (Ossuary)
  8 kobolds
  An orc zombie (Ossuary)
  A quokka zombie (D:5)
  11 rats
  A rat zombie (D:5)
79 creatures vanquished.

Notes
Turn   | Place    | Note
-------+----------+-------------------------------------------
     0 | D:1      | randomguy2701 the Gnoll Wanderer began the quest for the
                  | Orb.
     0 | D:1      | randomguy2701 set off with the following items: a +0
                  | dagger, 15 poisoned darts, a potion of heal wounds, a +0
                  | robe; and the following spells available to memorise:
                  | Sandblast, Freeze, Stone Arrow, Hailstorm, Petrify.
     0 | D:1      | Reached XP level 1. HP: 13/13 MP: 6/6
     2 | D:1      | Learned a level 1 spell: Sandblast
    95 | D:1      | Reached XP level 2. HP: 19/19 MP: 5/7
   525 | D:1      | Found a snail-covered altar of Cheibriados.
   709 | D:1      | Reached XP level 3. HP: 25/25 MP: 5/9
   748 | D:1      | Reached skill level 5 in Spellcasting
  1020 | D:2      | Reached skill level 1 in Invocations
  1062 | D:2      | Reached skill level 1 in Fighting
  1062 | D:2      | Reached skill level 1 in Short Blades
  1062 | D:2      | Reached skill level 1 in Long Blades
  1062 | D:2      | Reached skill level 1 in Axes
  1062 | D:2      | Reached skill level 1 in Maces & Flails
  1062 | D:2      | Reached skill level 1 in Polearms
  1062 | D:2      | Reached skill level 1 in Staves
  1062 | D:2      | Reached skill level 1 in Ranged Weapons
  1062 | D:2      | Reached skill level 1 in Armour
  1062 | D:2      | Reached skill level 1 in Stealth
  1062 | D:2      | Reached skill level 1 in Shields
  1062 | D:2      | Reached skill level 1 in Unarmed Combat
  1062 | D:2      | Reached skill level 1 in Evocations
  1241 | D:2      | Reached skill level 1 in Shapeshifting
  1241 | D:2      | Reached XP level 4. HP: 32/32 MP: 9/11
  1728 | D:3      | Reached skill level 1 in Conjurations
  1728 | D:3      | Reached skill level 1 in Hexes
  1728 | D:3      | Reached skill level 1 in Summonings
  1728 | D:3      | Reached skill level 1 in Necromancy
  1728 | D:3      | Reached skill level 1 in Translocations
  1728 | D:3      | Reached skill level 1 in Transmutations
  1728 | D:3      | Reached skill level 1 in Fire Magic
  1728 | D:3      | Reached skill level 1 in Air Magic
  1728 | D:3      | Reached skill level 1 in Poison Magic
  2680 | D:4      | Noticed a scorpion
  2684 | D:4      | Killed a scorpion
  2685 | D:4      | Reached XP level 5. HP: 37/37 MP: 8/12
  3339 | D:5      | Entered Level 5 of the Dungeon
  3344 | D:5      | Found a transporter.
  3347 | D:5      | Noticed an ogre
  3351 | D:5      | Killed an ogre
  3352 | D:5      | Reached skill level 5 in Throwing
  3352 | D:5      | Reached XP level 6. HP: 26/44 MP: 10/14
  3356 | D:5      | Found a sand-covered staircase.
  3412 | Ossuary  | Entered an ossuary
  3497 | Ossuary  | Slain by a mummy

Illustrated notes

Levels and vault maps discovered:
D:1:      sevenhm_arrival_forest_fort_small_6, layout_loops_cross
D:2:      layout_loops_cross, roderic_roman_lattice, minmay_diced_spiral
D:3:      layout_loops_ring, small_statue_alley_b, grunt_ministairs_12
D:4:      layout_basic
D:5:      gammafunk_wand_slinger, layout_rooms,
          minmay_temple_entry_statues_pillars, enter_ossuary_4
Ossuary:  ossuary_minmay_tomb_2a

Skill      XL: |  1  2  3  4  5  6 |
---------------+-------------------+-----
Ice Magic      | 2 |  2.7
Spellcasting   | 5 |  5.4
Invocations    | 1 2 |  2.2
Fighting       | 1 2 |  2.0
Short Blades   | 1 2 |  2.0
Long Blades    | 1 2 |  2.0
Axes           | 1 2 |  2.0
Maces & Flails | 1 2 |  2.0
Polearms       | 1 2 |  2.0
Staves         | 1 2 |  2.0
Ranged Weapons | 1 2 |  2.0
Armour         | 1 2 |  2.0
Stealth        | 1 2 |  2.0
Shields        | 1 2 |  2.0
Unarmed Combat | 1 2 |  2.0
Evocations     | 1 2 |  2.0
Shapeshifting  | 1 |  1.8
Conjurations   | 1 |  1.6
Hexes          | 1 |  1.6
Summonings     | 1 |  1.6
Necromancy     | 1 |  1.6
Translocations | 1 |  1.6
Transmutations | 1 |  1.6
Fire Magic     | 1 |  1.6
Air Magic      | 1 |  1.6
Poison Magic   | 1 |  1.6
Dodging        | 3 |  3.3
Throwing       | 5 |  5.0
Earth Magic    | |  7.3

Action                     |  1- 3 |  4- 6 || total
---------------------------+-------+-------++-------
  Melee: Dagger            |     1 |    32 ||    33
         Bite              |       |     2 ||     2
  Throw: Dart              |     7 |       ||     7
   Cast: Sandblast         |    42 |    78 ||   120
    Use: Scroll            |       |     4 ||     4
         Potion            |       |     4 ||     4
 Armour: Robe              |     5 |     5 ||    10
         Leather armour    |       |    58 ||    58
  Dodge: Dodged            |    11 |    49 ||    60

Table legend: (Time is in decaauts)
 A = Elapsed time spent in this place.
 B = Non-inter-level travel time spent in this place.
 C = Inter-level travel time spent in this place.
 D = Time resting spent in this place.
 E = Time spent auto-exploring this place.
 F = Levels seen in this place.
 G = Mean time per level.
                   A        B        C        D        E       F      G
               +--------+--------+--------+--------+--------+-----+--------+
         Total |   3537 |   3308 |    229 |      3 |   2795 |   6 |  589.5 |
       Dungeon |   3464 |   3235 |    229 |      0 |   2795 |   5 |  692.8 |
       Ossuary |     72 |     72 |      0 |      3 |      0 |   1 |   72.0 |
               +--------+--------+--------+--------+--------+-----+--------+

Top non-repeatable levels by time:
     D:1: 938 daAuts
     D:3: 886 daAuts
     D:2: 800 daAuts
     D:4: 757 daAuts
     D:5: 81 daAuts
 Ossuary: 72 daAuts
